 Dungeon Crawl Stone Soup version 0.29.1-4-g47bece8355 (webtiles) character file.

Game seed: 749560794698160107

1 ChadusMaximus the Caller (level 1, -1/13 HPs)
             Began as a Human Summoner on Dec 8, 2022.
             Slain by a kobold
             ... wielding a +0 short sword
              (4 damage)
             ... on level 1 of the Dungeon.
             The game lasted 00:00:12 (50 turns).

ChadusMaximus the Caller (Human Summoner)             Turns: 50, Time: 00:00:12

Health: -1/13      AC:  2    Str:  8    XL:     1   Next: 22%
Magic:  1/3        EV: 12    Int: 15    God:
Gold:   0          SH:  0    Dex: 13    Spells: 3/4 levels left

rFire   . . .      SeeInvis .   (no weapon)
rCold   . . .      Faith    .   (no shield)
rNeg    . . .      Spirit   .   a - +0 robe
rPois   .          Reflect  .   (no helmet)
rElec   .          Harm     .   (no cloak)
rCorr   .          Rampage  .   (no gloves)
Will    .....                   (no boots)
Stlth   ++........              (no amulet)
HPRegen 0.04/turn               (no ring)
MPRegen 0.08/turn               (no ring)

@: no status effects
A: no striking features
a: no special abilities


You were on level 1 of the Dungeon.
You visited 1 branch of the dungeon, and saw 1 of its levels.

Inventory:

Armour
 a - a +0 robe (worn)
Scrolls
 c - a scroll of fear {unknown}
Potions
 b - a potion of magic


   Skills:
 + Level 2.0 Dodging
 + Level 2.0 Stealth
 + Level 2.0 Spellcasting
 + Level 4.0 Summonings


You had 3 spell levels left.
You knew the following spells:

 Your Spells              Type           Power      Damage    Failure   Level
a - Summon Small Mammal   Summ           52%        N/A       4%          1

Your spell library contained the following spells:

 Spells                   Type           Power      Damage    Failure   Level
 Call Imp                 Summ           13%        N/A       6%          2
 Call Canine Familiar     Summ           13%        N/A       13%         3
 Summon Guardian Golem    Hex/Summ       7%         N/A       28%         3
 Summon Lightning Spire   Summ/Air       7%         N/A       67%         4


Dungeon Overview and Level Annotations

Branches:
Dungeon (1/15)

Altars:


Message History

Your quokka bites the hobgoblin.
The hobgoblin dies!
Your rat misses the kobold.
The kobold throws a stone.
The stone hits you but does no damage.
There is an open gate here.
Casting: Summon Small Mammal (safe; 4% risk of failure)
Confirm with . or Enter, or press ? or * to list all spells.
Your quokka disappears in a puff of smoke!
The kobold throws a stone.
The stone hits you.
Your bat hits the kobold but does no damage.
The kobold barely misses your bat. What are your orders? t - Shout!
Orders for allies: a - Attack new target. r - Retreat! s - Stop attacking. g - Guard the area. f - Follow me.
Anything else - Cancel.
Gang up on whom?
Press: ? - help, Dir - move target, f - kobold
Aim: a kobold, wielding a +0 short sword and quivering stones (ally target) Attack!
Your bat hits the kobold but does no damage.
Your bat closely misses the kobold.
Your bat closely misses the kobold.
You hit the kobold but do no damage.
Your bat hits the kobold but does no damage.
Your bat closely misses the kobold.
The kobold hits you with a +0 short sword.
You hit the kobold but do no damage.
Your bat closely misses the kobold.
Your rat bites the kobold but does no damage.
The kobold hits you with a +0 short sword.
* * * LOW HITPOINT WARNING * * *
You miss the kobold.
Your bat barely misses the kobold.
Your bat hits the kobold but does no damage.
Your rat barely misses the kobold.
Your bat barely misses the kobold.
The kobold closely misses you.
You closely miss the kobold. Your bat hits the kobold.
Your bat barely misses the kobold.
Your rat bites the kobold.
The kobold hits you with a +0 short sword.
You die...

##..~~~..## #.~~~○~~~.#
#..~~~~~..# #...~...# ####
####### ### ##..## #≈.≈# #..#
#....#####'### #....
###§§§.###.....###....
#.'§§@.#8#.....#.#..#.
#.'#K##'.'..<>.'.#.#..
##.§r§b.#8#.....#.#....
.#########..#§§..###.....###....
.......§...##....#####'### #....
.....r.§######..## #≈.≈# #..#
.....r§§# #### ####### ###
######### #.......# #...≈§≈≈..#


You could see a kobold (ally target), a friendly bat (summoned) and a friendly
rat (summoned).

Vanquished Creatures (collateral kills)
  A hobgoblin (D:1)
1 creature vanquished.

Notes
Turn   | Place    | Note
-------+----------+-------------------------------------------
     0 | D:1      | ChadusMaximus the Human Summoner began the quest for the
                  | Orb.
     0 | D:1      | Reached XP level 1. HP: 13/13 MP: 3/3
    50 | D:1      | Slain by a kobold

Illustrated notes

Levels and vault maps discovered:
D:1:      shiori_arrival_elements, layout_basic,
          shapermc_ecumenical_altar_mp_ritualfount

Action                   || total
-------------------------++-------
Melee: Unarmed           ||     4
 Cast: Summon Small Mamm ||     3
Armor: Robe              ||     2
Dodge: Dodged            ||     1
